 Dungeon Crawl Stone Soup version 0.32-a0-779-g362cfcae2a (webtiles) character file.

Game seed: 5698637360070896064

145 hikkokomori the Firebug (level 5, -7/41 HPs)
             Began as a Mountain Dwarf Fire Elementalist on Mar 19, 2024.
             Mangled by an ogre
             ... wielding a +0 giant spiked club
              (16 damage)
             ... on level 4 of the Dungeon.
             The game lasted 00:06:24 (2655 turns).

hikkokomori the Firebug (MDFE)                      Turns: 2655, Time: 00:06:25

Health: -7/41      AC:  4    Str: 12    XL:     5   Next: 6%
Magic:  0/8        EV: 10    Int: 22    God:
Gold:   40         SH:  0    Dex: 10    Spells: 3/9 levels left

rFire   . . .        o - +0 dagger
rCold   x . .        (no shield)
rNeg    + . .        c - +0 leather armour "Qunuprex" {Rampage rF- rN+}
rPois   .            (no helmet)
rElec   .            (no cloak)
rCorr   .            (no gloves)
SInv    .            p - +0 pair of boots
Will    .....        (no amulet)
Stlth   +            e - ring of fire
HPRegen 0.26/turn    r - +6 ring of intelligence
MPRegen 0.11/turn

%: rampage
@: very slightly contaminated
A: runic magic, artefact enchanting
a: no special abilities


You were on level 4 of the Dungeon.
You visited 1 branch of the dungeon, and saw 4 of its levels.

You collected 136 gold pieces.
You spent 96 gold pieces at shops.

Inventory:

Hand Weapons
 n - a +0 shortbow
 o - a +0 dagger (weapon)
 s - a +0 dagger
Armour
 a - a +0 robe
 c - the +0 leather armour "Qunuprex" (worn) {Rampage rF- rN+}
   (You found it on level 3 of the Dungeon)

   rF-:       It makes you vulnerable to fire.
   rN+:       It protects you from negative energy.
   Rampage:   It bestows one free step when moving towards enemies.
 p - a +0 pair of boots (worn)
 q - a +0 chain mail
Jewellery
 e - a ring of fire (left hand)
 r - a +6 ring of intelligence (right hand)
Scrolls
 g - 2 scrolls of noise
 h - 2 scrolls of revelation {unknown}
 i - a scroll of poison
 j - a scroll of acquirement {unknown}
 k - a scroll of enchant weapon {unknown}
 m - 2 scrolls of blinking {unknown}
 u - 2 scrolls of teleportation
Potions
 b - a potion of magic
 d - 2 potions of brilliance {unknown}
 f - a potion of mutation
 l - a potion of resistance
 t - a potion of curing
 v - a potion of invisibility {unknown}


   Skills:
 + Level 2.1 Fighting
 - Level 1.3 Dodging
 - Level 1.4 Stealth
 + Level 2.6 Spellcasting
 + Level 2.1 Conjurations
 - Level 4.0 Fire Magic
 + Level 0.9 Air Magic
 + Level 1.0 Alchemy


You had 3 spell levels left.
You knew the following spells:

 Your Spells              Type           Power      Damage    Failure   Level
a - Foxfire               Conj/Fire      96%        2x1d8     3%          1
b - Scorch                Fire           62%        2d7       3%          2
c - Mephitic Cloud        Conj/Alch/Air  9%         N/A       22%         3

Your spell library contained the following spells:

 Spells                   Type           Power      Damage    Failure   Level
 Mercury Vapours          Alch/Air       14%        N/A       13%         2
 Inner Flame              Hex/Fire       17%        N/A       17%         3
 Volatile Blastmotes      Fire/Tloc      34%        2d12      17%         3
 Flame Wave               Conj/Fire      24%        2d8       36%         4
 Freezing Cloud           Conj/Ice/Air   3%         6-21      94%         5


Dungeon Overview and Level Annotations

Branches:
Dungeon (4/15)
 Temple: D:4-7

Altars:
Okawaru

Shops:
D:2 ?   D:3 *


Innate Abilities, Weirdness & Mutations

Your spellcasting is much less encumbered by armour.
You can use scrolls of enchantment on lesser artefacts.


Message History

Your foxfire dissipates!
Casting: Foxfire (safe; 3% risk of failure)
Confirm with . or Enter, or press ? or * to list all spells.
You feel a surge of power!
You conjure some foxfire!
The ogre hits you with a +0 giant spiked club.
Your foxfire dissipates!
The ogre attacks as it pursues you!
The ogre hits you with a +0 giant spiked club!!
Ouch! That really hurt!
* * * LOW HITPOINT WARNING * * *
Okay, then.
Okay, then.
Sorry, you're not good enough to have a special ability.
You aren't carrying any items that you can evoke.
Casting: Foxfire (safe; 3% risk of failure)
Confirm with . or Enter, or press ? or * to list all spells.
Okay, then.
Casting: Foxfire (safe; 3% risk of failure)
Confirm with . or Enter, or press ? or * to list all spells.
Aiming: Mephitic Cloud (quite dangerous; 22% risk of failure)
Press: ? - help, Shift-Dir - straight line, f - ogre
Aim: an ogre, wielding a +0 giant spiked club (chance to affect: 77%)
You miscast Mephitic Cloud.
You are very lightly contaminated with residual magic.
Nothing appears to happen.
Casting: Mephitic Cloud (quite dangerous; 22% risk of failure)
Confirm with . or Enter, or press ? or * to list all spells.
You don't have enough magic to cast this spell.
There is a stone staircase leading up here.
Casting: Mephitic Cloud (quite dangerous; 22% risk of failure)
Confirm with . or Enter, or press ? or * to list all spells.
Aiming: Mephitic Cloud (quite dangerous; 22% risk of failure)
Press: ? - help, Shift-Dir - straight line, f/p - ogre
Aim: an ogre, wielding a +0 giant spiked club (chance to affect: 77%)
The ball explodes into a vile cloud!
The stinking cloud engulfs the ogre.
The stinking cloud engulfs you.
You hear a bark!
The ogre is engulfed in noxious fumes.
The ogre appears confused.
The ogre hits you with a +0 giant spiked club!
You die...

. . #.
..#.#####
.....)..
#.#.....#
......#.#
......)@#
...##.#O#
.. #.#
#.. #.#
... ..#
## ....
.....
##.....
......


You could see an ogre (confused).

Vanquished Creatures
  A scorpion (D:3)
  3 adders (D:3)
  2 ribbon worms (D:2)
  2 dart slugs
  An orc (D:3)
  3 endoplasms
  3 giant cockroaches (D:1)
  4 goblins
  2 hobgoblins (D:3)
  3 jackals (D:1)
  6 quokkas
  6 ball pythons
  2 bats
  2 frilled lizards
  A jackal skeleton (D:3)
  A kobold (D:4)
  6 rats
48 creatures vanquished.

Vanquished Creatures (collateral kills)
  5 foxfires (D:3)
5 creatures vanquished.

Vanquished Creatures (others)
  118 foxfires
118 creatures vanquished.

Grand Total: 171 creatures vanquished

Notes
Turn   | Place    | Note
-------+----------+-------------------------------------------
     0 | D:1      | hikkokomori the Mountain Dwarf Fire Elementalist began the
                  | quest for the Orb.
     0 | D:1      | Reached XP level 1. HP: 14/14 MP: 3/3
    86 | D:1      | Reached skill level 1 in Conjurations
   413 | D:1      | Reached XP level 2. HP: 22/22 MP: 1/4
   514 | D:1      | Reached skill level 1 in Fighting
   642 | D:1      | Learned a level 2 spell: Scorch
   820 | D:2      | Reached skill level 4 in Fire Magic
  1129 | D:2      | Reached XP level 3. HP: 27/28 MP: 0/6
  1199 | D:2      | Learned a level 3 spell: Mephitic Cloud
  1289 | D:2      | Found an iron altar of Okawaru.
  1332 | D:2      | Found Lufu's Magic Scroll Shoppe.
  1340 | D:2      | Bought a scroll of teleportation for 36 gold pieces
  1340 | D:2      | Bought a scroll of identify for 24 gold pieces
  1887 | D:3      | Identified the +0 leather armour "Qunuprex" {Rampage rF-
                  | rN+}
  2044 | D:3      | Reached XP level 4. HP: 35/35 MP: 2/7
  2188 | D:3      | Found Belas's Assorted Antiques.
  2236 | D:3      | Bought a scroll of identify for 36 gold pieces
  2579 | D:4      | Noticed a scorpion
  2587 | D:3      | Killed a scorpion
  2588 | D:3      | Reached skill level 1 in Alchemy
  2588 | D:3      | Reached XP level 5. HP: 29/41 MP: 2/8
  2646 | D:4      | Noticed an ogre
  2655 | D:4      | Mangled by an ogre

Illustrated notes

Levels and vault maps discovered:
D:1:      shiori_arrival_whats_in_store_for_you, layout_rooms
D:2:      layout_basic, basic_altar, serial_shops, shop
D:3:      layout_rooms, serial_shops, shop, serial_undead, serial_undead_e,
          serial_undead_b, serial_undead_b, serial_undead_b,
          kennysheep_generic_room_11
D:4:      layout_basic, gammafunk_temple_of_torment, general_overflow_altar,
          minmay_temple_entry_antechambers, ebering_ghost_rock_garden

Skill      XL: |  1  2  3  4 |
---------------+-------------+-----
Conjurations   | 1 2 |  2.1
Spellcasting   | 2 |  2.6
Fighting       | 1 2 |  2.1
Fire Magic     | 4 |  4.0
Alchemy        | 1 |  1.0
Dodging        | |  1.3
Stealth        | |  1.4
Air Magic      | |  0.9

Action                     |  1- 3 |  4- 6 || total
---------------------------+-------+-------++-------
  Melee: Unarmed           |    20 |       ||    20
         Dagger            |    37 |    14 ||    51
   Fire: Shortbow          |    40 |       ||    40
   Cast: Foxfire           |    49 |    26 ||    75
         Mephitic Cloud    |       |     1 ||     1
    Use: Scroll            |     4 |     1 ||     5
   Stab: Sleeping          |     1 |     1 ||     2
 Armour: Robe              |    55 |       ||    55
         Leather armour    |     8 |    19 ||    27
  Dodge: Dodged            |    63 |     9 ||    72

Table legend: (Time is in decaauts)
 A = Elapsed time spent in this place.
 B = Non-inter-level travel time spent in this place.
 C = Inter-level travel time spent in this place.
 D = Time resting spent in this place.
 E = Time spent auto-exploring this place.
 F = Levels seen in this place.
 G = Mean time per level.
                   A        B        C        D        E       F      G
               +--------+--------+--------+--------+--------+-----+--------+
         Total |   2669 |   2590 |     79 |    122 |   1995 |   4 |  667.2 |
       Dungeon |   2669 |   2590 |     79 |    122 |   1995 |   4 |  667.2 |
               +--------+--------+--------+--------+--------+-----+--------+

Top non-repeatable levels by time:
     D:2: 1061 daAuts
     D:3: 806 daAuts
     D:1: 788 daAuts
     D:4: 13 daAuts
